[Event "*** SCC Grand Prix: Titled Tuesday Blitz"]
[Site "Chess.com"]
[Date "2020.07.07"]
[Round "2"]
[White "ljuks68"]
[Black "inegrepus"]
[Result "1-0"]
[WhiteElo "2430"]
[BlackElo "2186"]
[TimeControl "180+1"]
[EndTime "10:17:50 PDT"]
[Termination "ljuks68 won by resignation"]

1. e4 e5 2. Nf3 Nc6 3. Bb5 a5 4. O-O d6 5. d4 exd4 6. Nxd4 Bd7 7. Nc3 Nf6 8. Bf4 Be7 9. Bxc6 Bxc6 10. Nxc6 bxc6 11. e5 dxe5 12. Bxe5 O-O 13. Qxd8 Bxd8 14. Rad1 Ng4 15. Bg3 Rb8 16. b3 Bf6 17. Ne4 Be5 18. Rfe1 Bxg3 19. hxg3 Rbd8 20. f3 Ne5 21. Nc5 f6 22. a4 Rfe8 23. Kf2 Kf7 24. Na6 Rxd1 25. Rxd1 Re7 26. Rd8 c5 27. Rc8 c4 28. Rxc7 cxb3 29.
Rxe7+ Kxe7 30. cxb3 Kd6 31. Ke3 Kc6 32. b4 Kb6 33. b5 Nc4+ 34. Kd4 Nd6 35. g4 Nxb5+ 36. axb5 Kxb5 37. Nc5 a4 38. Nxa4 Kxa4 39. Kd5 Kb4 40.
Ke6 Kc4 41. Kf7 Kd3 42. Kxg7 Ke3 43. Kxf6 Kf2 44. Kg7 Kxg2 45. Kxh7 Kxf3 46. g5 1-0

[Event "*** SCC Grand Prix: Titled Tuesday Blitz"]
[Site "Chess.com"]
[Date "2020.07.07"]
[Round "2"]
[White "FMKonstantin_Twitch"]
[Black "ChessWarrior7197"]
[Result "0-1"]
[WhiteElo "2562"]
[BlackElo "2878"]
[TimeControl "180+1"]
[EndTime "10:17:52 PDT"]
[Termination "ChessWarrior7197 won by resignation"]

1. e4 c5 2. Nf3 d6 3. d4 cxd4 4.
Nxd4 Nf6 5. Nc3 a6 6. Bg5 e6 7.
f4 h6 8. Bh4 Be7 9. Qf3 Nbd7 10. O-O-O Qc7 11. g4 b5 12. a3 Bb7 13. Rg1 Rc8 14.
Bf2 Nc5 15. Bd3 d5 16. e5 Nfe4 17. Bxe4 Nxe4 18. Nxe4 dxe4 19. Qe3 Bd5 20. Kb1 Qc4 21. b3 Qc5 22. b4 Qc4 23. Qb3 Qc7 24. Qb2 h5 25. f5 hxg4 26. Bg3 Qc4 27. fxe6 fxe6 28.
Nb3 Qc3 29. Qxc3 Rxc3 30. Kb2 Rf3 31. Nd4 g5 32. Rge1 Bf8 33. Ne2 Bg7 34. Nc3 Rxg3 35. Nxd5 Bxe5+ 36. Ka2 Rxh2 37. Rxe4 Rhg2 38. Rxe5 Rxc2+ 39. Kb1 Rgg2 40. Rxe6+ Kf7 41. Re7+ Kg6 42. Rc7 Rxc7 43.
Nxc7 g3 44. Nd5 Rh2 45. Ne3 Re2 46. Ng4 Kf5 47. Nh6+ Kf4 48. Rf1+ Rf2 49. Rc1 g2 0-1

[Event "*** SCC Grand Prix: Titled Tuesday Blitz"]
[Site "Chess.com"]
[Date "2020.07.07"]
[Round "2"]
[White "JesseKraai"]
[Black "RobertoJBM"]
[Result "0-1"]
[WhiteElo "2486"]
[BlackElo "2709"]
[TimeControl "180+1"]
[EndTime "10:17:52 PDT"]
[Termination "RobertoJBM won by resignation"]

1. d4 d5 2. c4 c6 3. Nc3 Nf6 4. cxd5 cxd5 5. Bf4 Qb6 6. Qb3 Qxb3 7.
axb3 e6 8. e3 Nc6 9. Nf3 Be7 10.
Bd3 O-O 11. Ke2 Nb4 12. Rhc1 Nxd3 13. Kxd3 Bd7 14. Ne5 Be8 15. h3 a6 16. Na4 Bb5+ 17.
Kd2 Ne4+ 18. Ke1 Bb4+ 19. Nc3 Rac8 20. Ra2 Nxc3 21. bxc3 Rxc3 22. Rxc3 Bxc3+ 23. Kd1 Bb4 24. Rc2 f6 25. Nf3 Bc6 26. Ne1 Be7 27. Nd3 Kf7 28.
Nc5 Ra8 29. b4 b6 30. Nxa6 Ba4 31. b5 Rc8 32. Bc7 Bxb5 33. Bxb6 Bxa6 34. Rxc8 Bxc8 35.
Kc2 Ba6 0-1

[Event "*** SCC Grand Prix: Titled Tuesday Blitz"]
[Site "Chess.com"]
[Date "2020.07.07"]
[Round "2"]
[White "vugarrasulov"]
[Black "vovachesss"]
[Result "0-1"]
[WhiteElo "2802"]
[BlackElo "2553"]
[TimeControl "180+1"]
[EndTime "10:17:53 PDT"]
[Termination "vovachesss won on time"]

1. d4 Nf6 2. c4 e6 3. Nf3 d5 4. g3 Bb4+ 5. Bd2 Bxd2+ 6. Nbxd2 O-O 7. Bg2 b6 8. O-O Bb7 9. Rc1 Nbd7 10. c5 bxc5 11.
dxc5 c6 12. e4 Qc7 13. exd5 exd5 14. Re1 Rfe8 15. b4 Rxe1+ 16. Qxe1 Re8 17. Qd1 Ba6 18. Nb3 Ne4 19. Nbd4 Bc4 20. Qa4 Ne5 21. Nxe5 Qxe5 22. Qxc6 Nxf2 23. Nf3 Qe3 24. Qxe8+ Qxe8 25. Kxf2 Qe2+ 26. Kg1 Qe3+ 0-1

[Event "*** SCC Grand Prix: Titled Tuesday Blitz"]
[Site "Chess.com"]
[Date "2020.07.07"]
[Round "2"]
[White "dretch"]
[Black "Benjoneliere44"]
[Result "1-0"]
[WhiteElo "2804"]
[BlackElo "2526"]
[TimeControl "180+1"]
[EndTime "10:17:53 PDT"]
[Termination "dretch won by resignation"]

1. d4 d6 2. Nf3 f5 3. g3 Nf6 4.
Bg2 g6 5. O-O Bg7 6. c4 O-O 7. Nc3 c6 8. b4 Qe8 9. b5 h6 10. Rb1 g5 11. Ba3 a6 12. bxc6 Nxc6 13.
d5 Ne5 14. Nxe5 dxe5 15. d6 exd6 16. Bxd6 Rf7 17. Nd5 Nxd5 18. Bxd5 Be6 19. Rxb7 Rd8 20. Rxf7 Qxf7 21. Bxe6 Qxe6 22. c5 Bf8 23. Qc2 Bxd6 24. cxd6 Rxd6 25. Rc1 Qd7 26. Kg2 g4 27. Qb3+ Kg7 28.
Rc5 Qe6 29. Qc3 Kf6 30. Qe3 f4 31. gxf4 e4 32. f5 1-0

[Event "*** SCC Grand Prix: Titled Tuesday Blitz"]
[Site "Chess.com"]
[Date "2020.07.07"]
[Round "2"]
[White "ChessLover0108"]
[Black "kimstevenyap"]
[Result "1-0"]
[WhiteElo "2709"]
[BlackElo "2486"]
[TimeControl "180+1"]
[EndTime "10:17:53 PDT"]
[Termination "ChessLover0108 won on time"]

1. Nf3 Nf6 2. d4 g6 3. c4 Bg7 4. Nc3 d5 5. Bg5 Ne4 6. Bf4 Nxc3 7. bxc3 c5 8. cxd5 Qxd5 9. e3 Nc6 10. Be2 O-O 11.
O-O Bf5 12. Qa4 cxd4 13. cxd4 Qa5 14. Qb3 Be6 15. Qxb7 Bd5 16. Qb2 Rfc8 17. Rfc1 Nb4 18.
a3 Nc6 19. Rc5 Qd8 20. Ba6 Bxf3 21. Bxc8 Rxc8 22. gxf3 Nxd4 23. Rxc8 Nxf3+ 24. Kh1 Qxc8 25. Rc1 Qa8 26. Qb8+ Qxb8 27. Bxb8 Bb2 28. Rc8+ Kg7 29. a4 1-0

[Event "*** SCC Grand Prix: Titled Tuesday Blitz"]
[Site "Chess.com"]
[Date "2020.07.07"]
[Round "2"]
[White "vanImpe"]
[Black "Man-Chuk"]
[Result "0-1"]
[WhiteElo "2446"]
[BlackElo "2858"]
[TimeControl "180+1"]
[EndTime "10:17:53 PDT"]
[Termination "Man-Chuk won by resignation"]

1. g3 e5 2. c4 c6 3. Bg2 d5 4.
cxd5 cxd5 5. d4 e4 6. Nc3 Nf6 7. Bg5 Be7 8. Nh3 Bxh3 9. Bxh3 Nc6 10. O-O Ng8 11. Be3 Bb4 12. Rc1 Nge7 13. Qb3 O-O 14. Bg5 f6 15. Be6+ Kh8 16. Be3 Bxc3 17. Rxc3 f5 18.
Qxb7 f4 19. gxf4 Rf6 20. Qd7 Qf8 21. f5 Rd8 22. Qc7 g6 23. Rxc6 Nxc6 24. Qxc6 gxf5 25.
Bf4 Qg7+ 26. Kh1 Rg8 27. Bxg8 Rxc6 28. Be5 Kxg8 29. Bxg7 Kxg7 30. Rg1+ Kf6 31. Rg8 Rc2 32.
Rf8+ Kg6 33. Rd8 Rxe2 34. Rxd5 Rxf2 35. Rb5 Rd2 36. Kg1 e3 37. a4 Rd1+ 38. Kg2 e2 0-1

[Event "*** SCC Grand Prix: Titled Tuesday Blitz"]
[Site "Chess.com"]
[Date "2020.07.07"]
[Round "2"]
[White "maximnovik"]
[Black "UKR_Master"]
[Result "1-0"]
[WhiteElo "2505"]
[BlackElo "2293"]
[TimeControl "180+1"]
[EndTime "10:17:53 PDT"]
[Termination "maximnovik won by resignation"]

1. d4 Nf6 2. Bg5 Ne4 3. Bh4 c5 4. f3 Qa5+ 5. c3 Nf6 6. dxc5 Qxc5 7. e4 e6 8. Nd2 Be7 9. Nc4 b5 10. Bf2 Qc6 11. Na5 Qc7 12. Nb3 a6 13. Qd2 Bb7 14. O-O-O Nc6 15. Kb1 Rc8 16. g4 d6 17. h4 Ne5 18.
Rh3 Nfd7 19. g5 Nb6 20. Bxb6 Qxb6 21. Qd4 Qc7 22. f4 Ng6 23. Qxg7 Bxe4+ 24. Bd3 Kd7 25. Bxe4 Nxf4 26. Rf3 Ng6 27. Bxg6 fxg6 28. Rf7 Rce8 29. Nf3 Qc4 30. Ne5+ Kd8 31. Nxc4 1-0

[Event "*** SCC Grand Prix: Titled Tuesday Blitz"]
[Site "Chess.com"]
[Date "2020.07.07"]
[Round "2"]
[White "Brave_spirit12"]
[Black "Efremov_Vlad"]
[Result "1/2-1/2"]
[WhiteElo "2425"]
[BlackElo "2211"]
[TimeControl "180+1"]
[EndTime "10:17:53 PDT"]
[Termination "Game drawn by agreement"]

1. e4 c5 2. c3 d5 3. exd5 Qxd5 4. Nf3 Nf6 5. d4 e6 6. Be3 cxd4 7. Bxd4 Be7 8. Be2 Nc6 9. O-O Nxd4 10. Nxd4 O-O 11. Bf3 Qd8 12. Nd2 e5 13. N4b3 Qc7 14. Qe2 Bf5 15. Rfe1 Bd6 16. Rad1 Rad8 17. Ne4 Nxe4 18.
Bxe4 Be6 19. Bd5 Bxd5 20. Rxd5 f5 21. Red1 e4 22. h3 Rf6 23. c4 Re8 24. Nd4 Bh2+ 25. Kh1 f4 26. Nb5 Qb8 27. Nd6 Rxd6 28. Rxd6 f3 29. Qd2 Bxd6 30. Qxd6 Qxd6 31. Rxd6 e3 1/2-1/2

[Event "*** SCC Grand Prix: Titled Tuesday Blitz"]
[Site "Chess.com"]
[Date "2020.07.07"]
[Round "2"]
[White "Muracle"]
[Black "Grischuk"]
[Result "0-1"]
[WhiteElo "2609"]
[BlackElo "3050"]
[TimeControl "180+1"]
[EndTime "10:17:54 PDT"]
[Termination "Grischuk won by resignation"]

1. d4 Nf6 2. Nf3 e6 3. g3 b5 4.
Bg2 Bb7 5. O-O c5 6. c4 bxc4 7. Na3 d5 8. Ne5 Qc8 9. Bg5 Nbd7 10. Qa4 cxd4 11. Nb5 Bc5 12. Bxf6 gxf6 13. Nxd7 Qxd7 14. Nc7+ Ke7 15. Qxd7+ Kxd7 16. Nxa8 Rxa8 17. Rfd1 Rb8 18.
Rac1 Kd6 19. b3 c3 20. Bf3 e5 21. Kg2 f5 22. e3 a5 23. g4 fxg4 24. Bxg4 Bc6 25.
exd4 Bxd4 26. f4 f6 27. Bf3 a4 28. bxa4 Rb2+ 29. Kh3 c2 30. Rd2 Bxa4 0-1

[Event "*** SCC Grand Prix: Titled Tuesday Blitz"]
[Site "Chess.com"]
[Date "2020.07.07"]
[Round "2"]
[White "Zq1"]
[Black "BocharovD"]
[Result "0-1"]
[WhiteElo "2506"]
[BlackElo "2748"]
[TimeControl "180+1"]
[EndTime "10:17:54 PDT"]
[Termination "BocharovD won on time"]

1. d4 Nf6 2. c4 e6 3. Nc3 Bb4 4. e3 O-O 5. Bd3 d5 6. cxd5 exd5 7. Ne2 Re8 8. O-O Bd6 9. Bd2 Nbd7 10. f3 c5 11. Rc1 a6 12. b3 b5 13. dxc5 Nxc5 14. Bb1 b4 15. Na4 Nxa4 16. bxa4 Bd7 17. Nd4 Qb6 18.
g4 Rac8 19. g5 Nh5 20. Rxc8 Rxc8 21. Qb3 Qb7 22. a3 a5 23. Bd3 g6 24. Rb1 Qb8 25.
Qxd5 Bxh2+ 26. Kh1 Rd8 27. Bc4 Be6 28. Qc5 Bxc4 29.
Qxc4 Qg3 0-1

[Event "*** SCC Grand Prix: Titled Tuesday Blitz"]
[Site "Chess.com"]
[Date "2020.07.07"]
[Round "2"]
[White "KNCP_719"]
[Black "Revnov"]
[Result "0-1"]
[WhiteElo "2476"]
[BlackElo "2683"]
[TimeControl "180+1"]
[EndTime "10:17:54 PDT"]
[Termination "Revnov won on time"]

1. e4 e5 2. Nf3 Nc6 3. d4 exd4 4. Bc4 Nf6 5. e5 d5 6. Bb5 Nd7 7. O-O Bc5 8. Bxc6 bxc6 9. Bg5 f6 10. exf6 gxf6 11.
Re1+ Kf7 12. Bf4 Nf8 13. Nxd4 Bxd4 14. Qxd4 Ne6 15. Qd2 d4 16. Na3 Qd5 17. Rad1 c5 18. Bg3 Bb7 19. f3 h5 20. Nb5 h4 21. Nxc7 Nxc7 22.
Bxc7 Rhg8 23. Qf4 Qxf3 24. Qxf3 Bxf3 25. Rd2 h3 26. g3 Rae8 27. Rxe8 Rxe8 28. Kf2 Be4 29.
Bd6 Rc8 30. b4 cxb4 31. Bxb4 Rc4 32. a3 Bxc2 33. g4 f5 34. gxf5 Bxf5 35. Kg3 d3 36. Rf2 Ke6 37. Rd2 Rg4+ 38. Kf3 Rg1 39. Bc5 Rf1+ 40.
Kg3 Rc1 0-1

[Event "*** SCC Grand Prix: Titled Tuesday Blitz"]
[Site "Chess.com"]
[Date "2020.07.07"]
[Round "2"]
[White "FedaMaster"]
[Black "SahajGrover"]
[Result "0-1"]
[WhiteElo "2433"]
[BlackElo "2663"]
[TimeControl "180+1"]
[EndTime "10:17:54 PDT"]
[Termination "SahajGrover won by resignation"]

1. e4 e6 2. d4 d5 3. exd5 exd5 4. Bd3 Nc6 5. c3 Bd6 6. Ne2 Qf6 7. Be3 Nge7 8. Ng3 Nf5 9. Nxf5 Bxf5 10. O-O O-O-O 11. Bxf5+ Qxf5 12. Nd2 h5 13. Qf3 Ne7 14. Qxf5+ Nxf5 15. Rfe1 Rde8 16. Nf3 f6 17. Bd2 Kd7 18. a4 Re4 19. Rxe4 dxe4 20. Ne1 c5 21. dxc5 Bxc5 22. Nc2 Kc6 23. Be3 Rd8 24. Kf1 Bxe3 25. fxe3 Rd2 26.
Nd4+ Nxd4 27. cxd4 Rc2 28. b4 Kd5 29. b5 Kc4 30.
Ra3 f5 31. h4 g6 32. g3 Rb2 33.
Kg1 Kb4 34. Ra1 Re2 35. Kf1 Rxe3 36. Rd1 Rd3 37. Rxd3 exd3 38. Kf2 Kc4 39. d5 Kxd5 40. Ke3 Kc4 41. b6 0-1

[Event "*** SCC Grand Prix: Titled Tuesday Blitz"]
[Site "Chess.com"]
[Date "2020.07.07"]
[Round "2"]
[White "GMJustin"]
[Black "RaphCamora"]
[Result "0-1"]
[WhiteElo "2262"]
[BlackElo "2460"]
[TimeControl "180+1"]
[EndTime "10:17:54 PDT"]
[Termination "RaphCamora won on time"]

1. d4 d5 2. c4 e6 3. Nc3 c6 4. Nf3 dxc4 5. a4 Bb4 6. e3 b5 7. Bd2 a5 8. axb5 Bxc3 9. Bxc3 cxb5 10. b3 Bb7 11. bxc4 b4 12. Bb2 Nf6 13. Bd3 O-O 14. O-O Qd6 15. Qc2 Bxf3 16. gxf3 Nbd7 17. c5 Qd5 18. e4 Qg5+ 19. Kh1 Qf4 20. Qe2 Rfc8 21.
Bb5 Nf8 22. c6 Ng6 23. Bc1 Qh4 24. Qe3 Nh5 25. d5 Nhf4 26. d6 Qg5 27. Rg1 Qxb5 28. d7 Rxc6 29. d8=B Rxd8 0-1

[Event "*** SCC Grand Prix: Titled Tuesday Blitz"]
[Site "Chess.com"]
[Date "2020.07.07"]
[Round "2"]
[White "dianamirza"]
[Black "ega2006"]
[Result "0-1"]
[WhiteElo "1966"]
[BlackElo "2367"]
[TimeControl "180+1"]
[EndTime "10:17:54 PDT"]
[Termination "ega2006 won by resignation"]

1. d4 Nf6 2. Nf3 c5 3. e3 cxd4 4. exd4 d5 5. Bd3 Nc6 6. b3 Bg4 7. Bb2 e6 8. O-O Be7 9. h3 Bh5 10. Nbd2 O-O 11. a3 Rc8 12. g4 Bg6 13. Bxg6 hxg6 14.
Ne5 Bd6 15. f4 Nd7 16. c4 Qh4 17. Qf3 Nf6 18. c5 Bc7 19. b4 a6 20. Kg2 Nxe5 21.
dxe5 Nd7 22. Nb3 g5 23. Nd4 gxf4 24. Qxf4 Bxe5 25. Qf3 Nf6 26. Rab1 Ne4 27. Ne2 Nd2 28. Qf2 Qxf2+ 29. Kxf2 Bxb2 30. Rxb2 Nxf1 31. Kxf1 e5 32. Kf2 f6 33. Ng3 g6 34. Ke3 f5 35. gxf5 gxf5 36.
Rg2 f4+ 0-1

[Event "*** SCC Grand Prix: Titled Tuesday Blitz"]
[Site "Chess.com"]
[Date "2020.07.07"]
[Round "2"]
[White "1f3_2g41-0"]
[Black "sotochess"]
[Result "1-0"]
[WhiteElo "2276"]
[BlackElo "2442"]
[TimeControl "180+1"]
[EndTime "10:17:55 PDT"]
[Termination "1f3_2g41-0 won by resignation"]

1. e4 d5 2. exd5 Qxd5 3. Nc3 Qa5 4. Nf3 Nf6 5. Bc4 c6 6. O-O Bg4 7. h3 Bh5 8. Re1 Nbd7 9. d3 e6 10. Bf4 Be7 11. a3 O-O 12. b4 Qd8 13. Ne4 Nd5 14. Bh2 a5 15. b5 N7b6 16. bxc6 bxc6 17. Ba2 Re8 18. c4 Nf6 19. c5 Nbd5 20. Nd6 Rf8 21. d4 Nc3 22. Qd3 Nxa2 23. Rxa2 Bg6 24. Qc4 Nd5 25. Rb2 Bxd6 26. Bxd6 Re8 27. Ne5 Qc8 28. Qa4 Ra6 29. Rb8 Qxb8 30. Bxb8 Rxb8 31. Nxc6 Nc3 32.
Nxb8 Nxa4 33. Nxa6 Kf8 34. d5 Bd3 35. Nc7 Nxc5 36.
dxe6 fxe6 37. Nxe6+ Nxe6 38. Rxe6 a4 39. f4 Bc2 40.
Kf2 Bb3 41. Re5 Kf7 42. Ke3 h6 43. g4 g6 44. f5 Kf6 45. Ra5 gxf5 46. Rxf5+ Kg6 47.
Kf4 Bc2 48. Ra5 Bb3 49. Ra6+ Kg7 50. h4 Kh7 51. Ra7+ Kg6 52. h5+ Kf6 53. Rh7 Bf7 54.
Rxh6+ Kg7 55. Ra6 Bb3 56. g5 Bd1 57. Ra7+ Kg8 58. h6 Bc2 59. Ke5 Kf8 60. Kf6 Ke8 61.
h7 Bxh7 62. Rxh7 Kd8 63. g6 1-0

[Event "*** SCC Grand Prix: Titled Tuesday Blitz"]
[Site "Chess.com"]
[Date "2020.07.07"]
[Round "2"]
[White "Tashik"]
[Black "QueenOfTactics90"]
[Result "1/2-1/2"]
[WhiteElo "2368"]
[BlackElo "2025"]
[TimeControl "180+1"]
[EndTime "10:17:55 PDT"]
[Termination "Game drawn by repetition"]

1. c4 c5 2. Nf3 Nc6 3. d4 cxd4 4. Nxd4 g6 5. e4 Bg7 6. Be3 Nf6 7. Nc3 O-O 8. Be2 d6 9. O-O Bd7 10. h3 Nxd4 11.
Bxd4 Bc6 12. Qc2 Nd7 13. Bxg7 Kxg7 14. b4 b6 15. Rad1 Rc8 16. Bg4 Rc7 17. Bxd7 Rxd7 18. Qb2 e5 19. Rd2 f5 20. exf5 Rxf5 21. Nd5 Qg5 22.
f4 Qg3 23. Rf3 Qe1+ 24. Kh2 Bxd5 25. Rxd5 Kh6 26. c5 Rxf4 27. Rxf4 exf4 28. Rxd6 Qg3+ 29.
Kh1 Qe1+ 30. Kh2 Qg3+ 31. Kh1 Qe1+ 32. Kh2 1/2-1/2

[Event "*** SCC Grand Prix: Titled Tuesday Blitz"]
[Site "Chess.com"]
[Date "2020.07.07"]
[Round "2"]
[White "Gusarov91"]
[Black "SergeyKarjakin"]
[Result "0-1"]
[WhiteElo "2583"]
[BlackElo "2961"]
[TimeControl "180+1"]
[EndTime "10:17:56 PDT"]
[Termination "SergeyKarjakin won by resignation"]

1. d4 Nf6 2. Nf3 d5 3. c4 e6 4. Nc3 c6 5. Qb3 dxc4 6. Qxc4 b5 7. Qb3 Nbd7 8. Bg5 a6 9. a4 Bb7 10. e3 Be7 11. Be2 b4 12. Na2 c5 13. O-O O-O 14.
dxc5 a5 15. c6 Bxc6 16. Nd4 Bd5 17. Qd1 h6 18. Bh4 Nc5 19. Nc1 Nfe4 20. Bxe7 Qxe7 21.
f3 Nf6 22. Nd3 Rfd8 23. Nxc5 Qxc5 24. Rc1 Qb6 25. Qd3 e5 26. Qb5 Qa7 27. Nf5 Be6 28. Qxe5 Bxf5 29. Rc7 Qb6 30. Rfc1 Qe6 31. Qc5 Bg6 32.
Bc4 Qd6 33. Qb5 Qd2 34. Bf1 Qxe3+ 35. Kh1 Kh7 36. R7c5 Rd2 37. Re5 Qf2 38. Qc5 Qxc5 39. Rcxc5 Rxb2 40. Rxa5 Rxa5 41. Rxa5 Rb1 42. Kg1 Bd3 43.
Kf2 Rxf1+ 44. Ke3 b3 0-1

[Event "*** SCC Grand Prix: Titled Tuesday Blitz"]
[Site "Chess.com"]
[Date "2020.07.07"]
[Round "2"]
[White "superchess02"]
[Black "ARMQUEEN"]
[Result "1-0"]
[WhiteElo "2663"]
[BlackElo "2430"]
[TimeControl "180+1"]
[EndTime "10:17:56 PDT"]
[Termination "superchess02 won by resignation"]

1. e4 c5 2. Nf3 Nc6 3. d4 cxd4 4. Nxd4 g6 5. Nc3 Bg7 6. Be3 Nf6 7. Be2 O-O 8. O-O d5 9. exd5 Nxd5 10. Nxd5 Qxd5 11.
Bf3 Qd7 12. Nxc6 bxc6 13. c3 Qc7 14. Qa4 Bb7 15. Rfe1 Rfd8 16. Rad1 Rxd1 17. Rxd1 Be5 18. h3 Bd6 19. c4 c5 20. Bxb7 Qxb7 21. b3 Rd8 22.
Rd5 e6 23. Rd2 Qc7 24. Kh1 f6 25. Qa6 Kf7 26. a3 g5 27. b4 cxb4 28. c5 Bxc5 29. Rxd8 Bxe3 30. Qd3 Qc1+ 31. Kh2 Bf4+ 32. g3 Bxg3+ 33. Qxg3 f5 34. axb4 f4 35. Qxg5 Qd2 36.
Rxd2 1-0

[Event "*** SCC Grand Prix: Titled Tuesday Blitz"]
[Site "Chess.com"]
[Date "2020.07.07"]
[Round "2"]
[White "WonderChampion"]
[Black "dawtonlms"]
[Result "0-1"]
[WhiteElo "2030"]
[BlackElo "2377"]
[TimeControl "180+1"]
[EndTime "10:17:57 PDT"]
[Termination "dawtonlms won by checkmate"]

1. e4 c5 2. Nf3 e6 3. c4 Nc6 4. Nc3 d6 5. d4 cxd4 6. Nxd4 Nf6 7. Be2 Be7 8. Be3 O-O 9. O-O Bd7 10. h3 Nxd4 11. Bxd4 Bc6 12. Bd3 a6 13. b3 b5 14.
cxb5 axb5 15. f3 b4 16. Ne2 d5 17. e5 Nd7 18. Bc2 Bb5 19. Re1 Bh4 20. Rf1 Qa5 21. Bd3 Rfc8 22. Qd2 Nc5 23. Bxc5 Rxc5 24. Nd4 Bxd3 25.
Qxd3 Rc3 26. Qd2 Rac8 27. Rfc1 Qc5 28. Rxc3 bxc3 29. Qe3 Bg5 30. f4 Bd8 31. Kh2 Bb6 32. Rd1 c2 33. Rc1 Qxd4 34. Qe2 Qxf4+ 35. Kh1 Qxc1+ 36.
Kh2 Qf4+ 37. Kh1 c1=Q+ 38. Qf1 Qcxf1# 0-1

[Event "*** SCC Grand Prix: Titled Tuesday Blitz"]
[Site "Chess.com"]
[Date "2020.07.07"]
[Round "2"]
[White "LawrenceTrent"]
[Black "swimmerchess"]
[Result "0-1"]
[WhiteElo "2525"]
[BlackElo "2802"]
[TimeControl "180+1"]
[EndTime "10:17:58 PDT"]
[Termination "swimmerchess won by resignation"]

1. d4 Nf6 2. Nc3 d5 3. Bf4 g6 4.
e3 Bg7 5. h4 O-O 6. h5 c5 7.
hxg6 fxg6 8. Nf3 Nc6 9. dxc5 Qa5 10. Bb5 a6 11. Bxc6 bxc6 12. Be5 Qxc5 13. Qd4 Qxd4 14. exd4 Bg4 15. Nd2 Nd7 16. Bxg7 Kxg7 17. Nb3 e5 18.
dxe5 Nxe5 19. f3 Bxf3 20. gxf3 Nxf3+ 21. Kd1 Rae8 22. Nd2 Ne5 23. Re1 h5 24. Nb3 h4 25.
Nc5 h3 26. Rh1 Rf2 27. b3 h2 28. Ne2 Nf3 29. Ng3 Rg2 30. Kc1 Rxg3 31. Kb2 Re2 32. Nxa6 Reg2 33. Nb4 Rg1 34. a4 Rxa1 35.
Rxa1 Rg1 0-1

[Event "*** SCC Grand Prix: Titled Tuesday Blitz"]
[Site "Chess.com"]
[Date "2020.07.07"]
[Round "2"]
[White "whodee11"]
[Black "vpsetter"]
[Result "0-1"]
[WhiteElo "2317"]
[BlackElo "2619"]
[TimeControl "180+1"]
[EndTime "10:17:58 PDT"]
[Termination "vpsetter won by resignation"]

1. e4 c5 2. Nc3 Nc6 3. Bc4 e6 4. f4 Nge7 5. d3 d5 6. Bb3 a6 7.
a3 b5 8. Nf3 c4 9. Ba2 dxe4 10. Nxe4 cxd3 11. cxd3 Nf5 12. O-O Be7 13. g4 Nfd4 14. Be3 O-O 15. Rc1 Bb7 16. Nc5 Bxc5 17.
Rxc5 Qd6 18. Rh5 Rfd8 19. Ng5 h6 20. Ne4 Qe7 21. g5 Nf5 22. Bc5 Qc7 23. gxh6 g6 24. Qg4 Kh8 25. Ng5 Ncd4 26. Bxd4+ Rxd4 27. Bxe6 fxe6 28. Nxe6 Qf7 29. Nxd4 Ne3 30. Qg5 gxh5 31. Qe5+ Kh7 32. Rf2 Rg8+ 33. Qg5 Rxg5+ 34. fxg5 Qd5 35. Nf3 Qf5 36.
g6+ Qxg6+ 0-1

[Event "*** SCC Grand Prix: Titled Tuesday Blitz"]
[Site "Chess.com"]
[Date "2020.07.07"]
[Round "2"]
[White "PauloCesarCosta_sad"]
[Black "attack2mateU"]
[Result "0-1"]
[WhiteElo "2224"]
[BlackElo "2629"]
[TimeControl "180+1"]
[EndTime "10:17:59 PDT"]
[Termination "attack2mateU won on time"]

1. Nf3 Nf6 2. c4 g6 3. d4 Bg7 4. Nc3 d5 5. cxd5 Nxd5 6. e4 Nxc3 7. bxc3 c5 8. Be3 Qa5 9. Qd2 O-O 10. Rc1 Rd8 11. Be2 Bg4 12. d5 c4 13. O-O Bxf3 14.
Bxf3 Nd7 15. Rfd1 Nc5 16. Rb1 Rac8 17. Bd4 Bxd4 18. Qxd4 b5 19. e5 Na4 20. Rbc1 Qb6 21. Qxb6 Nxb6 22. d6 exd6 23. exd6 Kf8 24. Bb7 Rc5 25.
Kf1 Rd7 26. Bf3 Nc8 27. Rd5 Rxd5 28. Bxd5 Rxd6 29. Bb7 Nb6 30. f3 Na4 31. Be4 Rd2 32. h3 Rxa2 33. Bc6 a6 34. Rd1 Nxc3 35. Rd8+ Kg7 36.
Rd7 b4 37. Be4 Nxe4 38. fxe4 b3 39. Rc7 b2 0-1

[Event "*** SCC Grand Prix: Titled Tuesday Blitz"]
[Site "Chess.com"]
[Date "2020.07.07"]
[Round "2"]
[White "Nf3c5"]
[Black "PowerThinking2650"]
[Result "1-0"]
[WhiteElo "2611"]
[BlackElo "2315"]
[TimeControl "180+1"]
[EndTime "10:17:59 PDT"]
[Termination "Nf3c5 won on time"]

1. e4 e5 2. Bc4 Nf6 3. d3 Bc5 4. Nc3 d6 5. f4 Nc6 6. Nf3 Bg4 7.
Na4 Bb6 8. Nxb6 axb6 9. fxe5 Nxe5 10. Bb3 Qe7 11. O-O Nxf3+ 12. gxf3 Bh3 13. Rf2 O-O-O 14.
Kh1 d5 15. Qg1 dxe4 16. Qg3 Qd7 17. Bg5 exf3 18. Qxf3 Ng4 19. Re2 Rde8 20. Rae1 Rxe2 21. Rxe2 Nf6 22. Re3 Bg4 23. Qg3 Bf5 24. Bxf6 gxf6 25.
Kg1 1-0

[Event "*** SCC Grand Prix: Titled Tuesday Blitz"]
[Site "Chess.com"]
[Date "2020.07.07"]
[Round "2"]
[White "ShapkinAnatoliy"]
[Black "Sacbutt"]
[Result "1-0"]
[WhiteElo "2590"]
[BlackElo "2310"]
[TimeControl "180+1"]
[EndTime "10:17:59 PDT"]
[Termination "ShapkinAnatoliy won by resignation"]

1. d4 Nf6 2. c4 e6 3. g3 d5 4. Nf3 Be7 5. Bg2 O-O 6. O-O dxc4 7. Qc2 a6 8. a4 Bd7 9. Rd1 Bc6 10. Nc3 Nbd7 11. e4 b5 12. d5 exd5 13. e5 Ne4 14.
Nxd5 Bxd5 15. Rxd5 c6 16. Rxd7 Qxd7 17. Qxe4 Qd1+ 18.
Bf1 Rac8 19. Rb1 Qd5 20. Qg4 Rfe8 21. Bh6 Bf8 22. Bg2 bxa4 23. Bf4 Qd3 24. Rc1 a3 25. bxa3 Bxa3 26. Bf1 h5 27. Qxh5 Qe4 28. Rxc4 Qd5 29. Rd4 Qe6 30. Bc4 Qe7 31. e6 fxe6 32. Ng5 Qf6 33. Rd7 Qh6 34. Qf7+ Kh8 35. Nxe6 Bb2 36.
Bxh6 1-0

[Event "*** SCC Grand Prix: Titled Tuesday Blitz"]
[Site "Chess.com"]
[Date "2020.07.07"]
[Round "2"]
[White "Luibov_AN"]
[Black "OtherGabe"]
[Result "0-1"]
[WhiteElo "2029"]
[BlackElo "2379"]
[TimeControl "180+1"]
[EndTime "10:17:59 PDT"]
[Termination "OtherGabe won by resignation"]

1. d4 Nf6 2. Nf3 e6 3. c4 Bb4+ 4. Nbd2 O-O 5. Qc2 c5 6. dxc5 Na6 7. e3 Nxc5 8. a3 Bxd2+ 9. Bxd2 b6 10. b4 Nce4 11. Bc1 Bb7 12. Bb2 d5 13. Rd1 Rc8 14.
Qb3 Qc7 15. Rc1 dxc4 16. Bxc4 b5 17. Be2 Qxc1+ 18. Bxc1 Rxc1+ 19. Bd1 Nc3 20. O-O Nxd1 21. Rxd1 Bd5 22. Qxd5 Nxd5 23. Rxc1 Nb6 24. Rc7 Rc8 25.
Rxc8+ Nxc8 26. Nd4 Nd6 27. Kf1 a6 28. Nc6 Nc4 29.
Ne7+ Kf8 30. Nc6 Nxa3 31. Nb8 Nc2 32. Nxa6 Ke7 33. Ke2 Kd6 34. Kd2 Na3 35. Kc3 Nc4 36. Nc5 Kc6 37. Nd3 e5 38. f3 f5 39. Nc5 Kd5 40.
Kd3 e4+ 41. fxe4+ fxe4+ 42. Kc3 Nxe3 43. Nd7 Nxg2 0-1

[Event "*** SCC Grand Prix: Titled Tuesday Blitz"]
[Site "Chess.com"]
[Date "2020.07.07"]
[Round "2"]
[White "ShimanovAlex"]
[Black "IMRosen"]
[Result "1-0"]
[WhiteElo "2882"]
[BlackElo "2563"]
[TimeControl "180+1"]
[EndTime "10:18:01 PDT"]
[Termination "ShimanovAlex won on time"]

1. Nf3 d5 2. e3 Nf6 3. c4 c6 4. Nc3 a6 5. b3 Bf5 6. Bb2 h6 7. Be2 e6 8. O-O Bd6 9. d4 Nbd7 10. Bd3 Ne4 11. Qc2 Ndf6 12. h3 b5 13. Ne5 Qc7 14.
f3 Ng3 15. Rfe1 O-O 16. e4 dxe4 17. fxe4 Bh7 18. Nf3 e5 19. dxe5 Bxe5 20. Nxe5 Qxe5 21. Nd5 Qg5 22. Nxf6+ gxf6 23. Qf2 Nh5 24. Re3 Bg6 25. Rf1 Rfe8 26. h4 Qc5 27. g4 Ng7 28. h5 Bh7 29. b4 Qa7 30. c5 Re6 31. Bc2 a5 32. Bb3 Rae8 33. Bxe6 Rxe6 34. bxa5 Qxc5 35. Rd3 Qe7 36.
Bxf6 1-0